 Dungeon Crawl Stone Soup version 0.21.1-1-g345015f (webtiles) character file.

1319 nizmow the Skirmisher (level 8, 0/70 HPs)
             Began as a Hill Orc Monk on July 5, 2018.
             Was an Elder of Cheibriados.
             Slain by a sky beast (6 damage)
             ... on level 6 of the Dungeon.
             The game lasted 00:54:10 (4822 turns).

nizmow the Skirmisher (Hill Orc Monk)               Turns: 4822, Time: 00:54:10

Health: 0/70       AC:  7    Str: 26    XL:     8   Next: 59%
Magic:  8/8        EV: 15    Int: 20    God:    Cheibriados [****..]
Gold:   229        SH:  5    Dex: 23    Spells: 6/7 levels left

rFire    . . .     SeeInvis .   q - +0 whip (elec)
rCold    . . .     Gourm    .   c - +0 buckler
rNeg     . . .     Faith    .   J - +1 leather armour {rPois}
rPois    +         Spirit   .   (no helmet)
rElec    .         Reflect  .   (no cloak)
rCorr    .         Harm     .   w - +1 pair of gloves
MR       .....                  (no boots)
Stlth    ++........             (no amulet)
HPRegen  0.00/turn              (no ring)
MPRegen  0.11/turn              (no ring)

@: very slow
A: repulsion field 1, mutation resistance 1, inhibited regeneration
a: Bend Time, Temporal Distortion, Slouch, Renounce Religion


You were on level 6 of the Dungeon.
You worshipped Cheibriados.
Cheibriados was greatly pleased with you.
You were not hungry.

You visited 2 branches of the dungeon, and saw 7 of its levels.

You collected 306 gold pieces.
You spent 77 gold pieces at shops.

Inventory:

Hand Weapons
 a - a +0 falchion
 d - a +0 dagger
 h - a +0 short sword
 n - a +0 mace
 q - a +0 whip of electrocution (weapon)
 v - a +0 flail
Missiles
 e - 120 stones (quivered)
 f - 22 sling bullets
 p - 73 arrows
 t - 6 needles of frenzy
 y - 45 bolts
Armour
 b - a +0 robe
 c - a +0 buckler (worn)
 g - a +0 leather armour
 i - a +0 leather armour
 j - a +0 chain mail
 m - a +1 scale mail
 r - a cursed +0 chain mail
 u - a +0 robe
 w - a +1 pair of gloves (worn)
 x - a +0 leather armour
 F - a +0 buckler
 J - a +1 leather armour of poison resistance (worn)
 K - a +0 leather armour of cold resistance
Jewellery
 H - an uncursed amulet of guardian spirit {unknown}
Wands
 D - a wand of flame (26)
 G - a wand of acid (12)
Scrolls
 s - a scroll of teleportation
 B - a scroll of fear
 I - a scroll of immolation
Potions
 k - a potion of degeneration
 o - a potion of mutation
 z - a potion of agility
 A - 2 potions of lignification
 C - a potion of brilliance {unknown}
 E - a potion of ambrosia {unknown}
Books
 M - a book of Conjurations

   Spells                             Type                      Level
   a - Magic Dart                     Conjuration                  1
   b - Searing Ray                    Conjuration                  2
   c - Dazzling Spray                 Conjuration/Hexes            3
   d - Fulminant Prism                Conjuration/Hexes            4
   e - Force Lance                    Conjuration/Translocation    4
   f - Iskenderun's Mystic Blast      Conjuration                  4
Comestibles
 l - 3 rations


   Skills:
 + Level 6.2 Fighting
 + Level 5.4 Long Blades
 + Level 5.5 Maces & Flails
 + Level 0.3 Throwing
 + Level 5.8 Armour
 + Level 3.3 Dodging
 + Level 2.0 Stealth
 + Level 0.9 Shields


You had 6 spell levels left.
You knew the following spells:

 Your Spells              Type           Power        Failure   Level  Hunger
a - Magic Dart            Conj           #...         32%         1    ##.....


Dungeon Overview and Level Annotations

Branches:
Dungeon (6/15)             Temple (1/1) D:5

Altars:
Ashenzari
Cheibriados
Dithmenos
Elyvilon
Fedhas
Gozag
Hepliaklqana
Kikubaaqudgha
Makhleb
Okawaru
Qazlal
Ru
Sif Muna
Uskayaw
Vehumet
Xom
Yredelemnul
Zin
The Shining One

Shops:
D:4 (:*(*


Innate Abilities, Weirdness & Mutations

You are surrounded by a mild repulsion field. (EV +2)
You are somewhat resistant to further mutation.
You do not regenerate when monsters are visible.


Message History

The hound closely misses you.
You hit the hound but do no damage.
The hound is severely wounded.
You block the hound's attack.
You hit the hound. Lightning courses through the hound!
You kill the hound!
Cheibriados thoroughly appreciates the change of pace.
You hit the adder.
The adder is moderately wounded.
The adder barely misses you.
You hit the adder. Lightning courses through the adder!
You kill the adder!
Cheibriados thoroughly appreciates the change of pace.
The centaur shoots an arrow.
The arrow barely misses you.
You hit the sky beast but do no damage.
The sky beast flickers out of sight!
Deactivating autopickup; reactivate with Ctrl-A.
Something hits you.
* * * LOW HITPOINT WARNING * * *
Something shocks you.
You die...

...............
#.............
#### #...........
#.. ##(..(.......
###.##
####....(.......
#....#
#....###.###..##
#....###.## #.c#
...
#....##..#######{#
#
[...............@#
#......###########
#....### #....#
#....# #....#
#.[..# ######


You could see a centaur.

Vanquished Creatures
  The ghost of eyesofgods1 the Fighter, a novice GnWn of Okawaru (D:5)
  Grinder (D:5)
  An orc warrior (D:6)
  An ogre (D:4)
  A phantom (D:4)
  A hound (D:6)
  An orc priest (D:6)
  An iguana (D:4)
  A worker ant (D:4)
  Ijyb (D:4)
  An orc wizard (D:5)
  A hound skeleton (D:4)
  7 adders
  An ooze (D:3)
  2 adder skeletons
  6 worms
  3 dart slugs
  5 leopard geckos
  12 orcs
  A ball python (D:2)
  5 giant cockroaches
  4 goblins
  6 hobgoblins
  6 jackals
  8 kobolds
  3 quokkas
  A ball python skeleton (D:4)
  A ball python zombie (D:5)
  8 bats
  6 frilled lizards
  2 leopard gecko skeletons
  12 rats
  3 plants (D:3)
114 creatures vanquished.

Vanquished Creatures (others)
  A hound (D:5)
1 creature vanquished.

Grand Total: 115 creatures vanquished

Notes
Turn   | Place    | Note
-------+----------+-------------------------------------------
     0 | D:1      | nizmow the Hill Orc Monk began the quest for the Orb.
     0 | D:1      | Reached XP level 1. HP: 19/19 MP: 1/1
   150 | D:1      | Reached XP level 2. HP: 17/27 MP: 2/2
   438 | D:1      | Reached skill level 4 in Fighting
   940 | D:2      | Reached XP level 3. HP: 30/33 MP: 3/3
  1007 | D:2      | Found a snail-covered altar of Cheibriados.
  1052 | D:2      | Became a worshipper of Cheibriados the Contemplative
  1052 | D:2      | Reached * piety under Cheibriados
  1052 | D:2      | Reached ** piety under Cheibriados
  1215 | D:2      | Found a deep blue altar of Sif Muna.
  1267 | D:2      | Reached XP level 4. HP: 29/40 MP: 4/4
  1400 | D:2      | Reached skill level 1 in Armour
  1519 | D:2      | Gained mutation: You are surrounded by a mild repulsion field. (EV +2) [potion of mutation]
  1519 | D:2      | Gained mutation: You do not regenerate when monsters are visible. [potion of mutation]
  1519 | D:2      | Gained mutation: You are somewhat resistant to further mutation. [potion of mutation]
  1531 | D:2      | HP: 2/40 [worm (9)]
  2303 | D:3      | Reached *** piety under Cheibriados
  2654 | D:3      | Reached XP level 5. HP: 47/47 MP: 5/5
  2886 | D:3      | Found a faded altar of an unknown god.
  3107 | D:4      | Noticed an ogre
  3116 | D:4      | Killed an ogre
  3116 | D:4      | Reached skill level 5 in Long Blades
  3116 | D:4      | Reached skill level 1 in Maces & Flails
  3116 | D:4      | Reached XP level 6. HP: 34/55 MP: 6/6
  3339 | D:4      | Found Qytox's Weapon Emporium.
  3340 | D:4      | Noticed a phantom
  3341 | D:4      | Noticed Ijyb
  3364 | D:4      | Killed Ijyb
  3388 | D:4      | Killed a phantom
  3388 | D:4      | Reached skill level 5 in Fighting
  3407 | D:4      | Found Poimug's Book Emporium.
  3408 | D:4      | Found Aledwomp's Assorted Antiques.
  3421 | D:4      | Reached **** piety under Cheibriados
  3444 | D:4      | Bought a scroll labeled ZIKAUPROFAI for 29 gold pieces
  3612 | D:4      | Found Joawkuos's Assorted Antiques.
  3624 | D:4      | Bought a scroll of identify for 48 gold pieces
  3684 | D:4      | Found Feuhoe's Antique Weapon Emporium.
  3827 | D:5      | Entered Level 5 of the Dungeon
  3827 | D:5      | Noticed eyesofgods1's ghost (novice GnWn)
  3846 | D:5      | Killed eyesofgods1's ghost
  3846 | D:5      | Reached XP level 7. HP: 53/62 MP: 7/7
  3846 | D:5      | Reached XP level 8. HP: 60/70 MP: 8/8
  4026 | D:5      | Found a staircase to the Ecumenical Temple.
  4035 | Temple   | Entered the Ecumenical Temple
  4295 | D:5      | Found a basalt altar of Yredelemnul.
  4382 | D:5      | Noticed Grinder
  4394 | D:5      | Killed Grinder
  4394 | D:5      | Reached skill level 5 in Maces & Flails
  4394 | D:5      | Reached skill level 5 in Armour
  4633 | D:5      | Learned a level 1 spell: Magic Dart
  4680 | D:5      | Found a glowing golden altar of the Shining One.
  4772 | D:6      | Reached skill level 6 in Fighting
  4822 | D:6      | Slain by a sky beast

Skill      XL: |  1  2  3  4  5  6  7  8 |
---------------+-------------------------+-----
Fighting       | 4 5 6 |  6.2
Long Blades    | 4 5 |  5.4
Armour         | 1 2 4 5 |  5.8
Maces & Flails | 1 4 5 |  5.5
Dodging        | 3 |  3.3
Stealth        | 2 |  2.0
Throwing       | |  0.3
Shields        | |  0.9

Action                   |  1- 3 |  4- 6 |  7- 9 || total
-------------------------+-------+-------+-------++-------
Melee: Falchion          |    89 |   113 |       ||   202
       Whip              |       |   139 |    65 ||   204
Throw: Stone             |    14 |     7 |       ||    21
Invok: Bend Time         |       |       |     1 ||     1
  Use: Scroll            |       |     9 |     3 ||    12
       Potion            |       |     4 |       ||     4
 Stab: Sleeping          |     1 |       |     1 ||     2
  Eat: Ration            |       |     2 |     1 ||     3
Armor: Chain mail        |    21 |       |       ||    21
       Scale mail        |    13 |    86 |     8 ||   107
       Leather armour    |       |       |     2 ||     2
Dodge: Dodged            |    55 |   178 |    46 ||   279
Block: Buckler           |       |     3 |    10 ||    13
       Rpst.: Falchion   |    23 |    30 |       ||    53
